 Dungeon Crawl Stone Soup version 0.18.1-47-g9310371 (webtiles) character file.

5718 raph the Reanimator (level 10, -4/84 HPs)
             Began as a Deep Dwarf Necromancer on June 21, 2016.
             Was a High Priest of Makhleb.
             Slain by Liquid's ghost (16 damage)
             ... on level 9 of the Dungeon.
             The game lasted 00:38:17 (13452 turns).

raph the Reanimator (Deep Dwarf Necromancer)       Turns: 13452, Time: 00:38:17

Health: -4/84      AC: 10    Str: 15    XL:     10   Next: 48%
Magic:  6/18       EV: 16    Int: 19    God:    Makhleb [*****.]
Gold:   470        SH:  0    Dex: 16    Spells: 6 memorised, 7 levels left

rFire  . . .     SeeInvis .     x - +5 spear of Animal Spirits {drain, Stlth+}
rCold  . . .     Gourm    .     I - +2 leather armour "Guholas" {Str+3}
rNeg   + . .     Faith    .     (no shield)
rPois  .         Spirit   .     (no helmet)
rElec  +         Dismiss  .     g - +1 cloak
rCorr  .         Reflect  .     t - +0 pair of gloves
SustAt +         Harm     .     B - +1 pair of boots
MR     +....                    (no amulet)
Stlth  +++.......               n - ring of the Wild Haggis {SustAt rElec rN+}
                                i - +3 ring of dexterity

@: non-regenerating, somewhat resistant to hostile enchantments, fairly stealthy
A: damage resistance, recharge devices, sense surroundings 2, slow regeneration
3
a: Device Recharging, Minor Destruction, Lesser Servant of Makhleb, Major
Destruction, Greater Servant of Makhleb, Renounce Religion


You were on level 9 of the Dungeon.
You worshipped Makhleb.
Makhleb was extremely pleased with you.
You were hungry.

You visited 2 branches of the dungeon, and saw 10 of its levels.

You collected 470 gold pieces.

Inventory:

Hand Weapons
 a - a +0 mace of protection
 m - a +0 dagger
 w - a +3 mace
 x - the +5 spear of Animal Spirits (weapon) {drain, Stlth+}
   (You found it on level 5 of the Dungeon)

   A truly terrible weapon, it drains the life of those it strikes.
   It makes you more stealthy.
Missiles
 s - 12 tomahawks of returning (quivered)
 C - 15 tomahawks
Armour
 g - a +1 cloak (worn)
 r - a +2 leather armour of cold resistance
 t - a +0 pair of gloves (worn)
 y - a +3 leather armour
 B - a +1 pair of boots (worn)
 I - the +2 leather armour "Guholas" (worn) {Str+3}
   (You found it on level 8 of the Dungeon)

   It affects your strength (+3).
 K - a +0 helmet
Jewellery
 i - a +3 ring of dexterity (left hand)
 n - the ring of the Wild Haggis (right hand) {SustAt rElec rN+}
   (You found it on level 9 of the Dungeon)

   [ring of sustain attributes]

   It sustains your strength, intelligence and dexterity.
   It insulates you from electricity.
   It protects you from negative energy.
 F - an uncursed ring of flight
Wands
 c - a wand of heal wounds (2/9)
 H - a wand of flame (20/48)
Scrolls
 l - a scroll of enchant weapon
 J - a scroll of remove curse
Potions
 e - 3 potions of brilliance
 j - 4 potions of curing
 k - a potion of cure mutation
 o - a potion of berserk rage {unknown}
 p - 3 potions of might
 q - a potion of magic
 u - a potion of invisibility {unknown}
 v - 3 potions of flight {unknown}
 D - a potion of mutation {unknown}
 G - a potion of heal wounds
Books
 b - a book of Necromancy

   Spells                             Type                      Level
   a - Pain                           Necromancy                   1
   b - Animate Skeleton               Necromancy                   1
   c - Vampiric Draining              Necromancy                   3
   d - Regeneration                   Charms/Necromancy            3
   e - Animate Dead                   Necromancy                   4
   f - Control Undead                 Necromancy                   4
 h - a book of Transfigurations

   Spells                             Type                      Level
   a - Irradiate                      Conjuration/Transmutation    5
   b - Statue Form                    Transmutation/Earth          6
   c - Hydra Form                     Transmutation                6
   d - Dragon Form                    Transmutation                7
 z - a book of the Dragon

   Spells                             Type                      Level
   a - Flame Tongue                   Conjuration/Fire             1
   b - Cause Fear                     Hexes                        4
   c - Bolt of Fire                   Conjuration/Fire             6
   d - Dragon Form                    Transmutation                7
   e - Dragon's Call                  Summoning                    9
 A - a Grand Grimoire

   Spells                             Type                      Level
   a - Monstrous Menagerie            Summoning                    7
   b - Summon Greater Demon           Summoning                    7
   c - Malign Gateway                 Summoning/Translocation      7
   d - Summon Horrible Things         Summoning                    8
Miscellaneous
 M - a box of beasts
Comestibles
 d - 4 bread rations
 f - 2 meat rations
 E - 3 fruits
 L - 9 royal jellies
 N - a chunk of flesh


   Skills:
 + Level 3.6 Fighting
 + Level 7.4 Dodging
 - Level 2.4 Stealth
 + Level 6.0 Spellcasting
 + Level 4.0 Conjurations
 + Level 10.1 Necromancy
 + Level 3.9 Fire Magic
 + Level 2.1 Invocations
 - Level 6.6 Evocations


You had 7 spell levels left.
You knew the following spells:

 Your Spells              Type           Power        Failure   Level  Hunger
a - Pain                  Necr           ####         1%          1    None
b - Animate Skeleton      Necr           N/A          1%          1    None
c - Vampiric Draining     Necr           #####.....   1%          3    ##.....
d - Animate Dead          Necr           N/A          1%          4    ####...
e - Control Undead        Necr           #####.....   1%          4    ####...
f - Flame Tongue          Conj/Fire      ###..        2%          1    None


Dungeon Overview and Level Annotations

Branches:
Dungeon (9/15)             Temple (1/1) D:4             Orc (0/2) D:9
   Lair: D:8-11

Altars:
Ashenzari
Cheibriados
Dithmenos
Elyvilon
Fedhas
Gozag
Kikubaaqudgha
Makhleb
Nemelex Xobeh
Okawaru
Pakellas
Qazlal
Ru
Sif Muna
Trog
Vehumet
Xom
Yredelemnul
Zin
The Shining One

Annotations:
D:4 Wardy's ghost, amateur DsAK
D:5 2 runed doors
D:9 1 runed door, Liquid's ghost, journeyman GrMo


Innate Abilities, Weirdness & Mutations

You are resistant to damage.
You can recharge devices by infusing magical energy.
You passively map the area around you.
You do not regenerate naturally.


Message History

You feel life coursing into your body. The troll bites you!
* * * LOW HITPOINT WARNING * * *
The troll misses you. The troll claws you.
* * * LOW HITPOINT WARNING * * *
Things that are here:
a spear of piercing; a scale mail
There is an escape hatch in the floor here.
A howler monkey comes into view.
You see here a whip.
You see here a trident.
You barely miss the howler monkey.
The howler monkey howls!
The howler monkey hits you but does no damage.
The howler monkey bites you.
You barely miss the howler monkey. The troll closely misses you.
The troll barely misses you. The troll claws you but does no damage.
The howler monkey closely misses you.
The howler monkey bites you but does no damage.
Liquid's ghost hits you!
You die...

*#####.#........########....####
,*#.............()......####.....
#.###..≈######.#.####### #.....
#.....≈##### #.#.#8...8# #.)...
.#####...#...###.#Z#.....# #.).).
.(......)'.#.'.#)#.'..>..# #.)...
#######..#...###)#.#.....# #)....
#.≈##### #h#.#8...8# #.....
##ZZ######@#.####### #.....
##Z##....TW....#.####.....
#########.#####.T..........#.....
........#.# #.>.T........#.....
.######.#.#####.)T.........#.....
.#....[.#..................#.....
.#.######..................#.....
.#.....ZZ..................#.....
.#..###########............#.....


You could see 4 trolls, a howler monkey and Liquid's ghost.

Vanquished Creatures
  The ghost of simples the Covert, a novice SpEn of Kikubaaqudgha (D:7)
  A troll (D:9)
  3 orc warriors
  3 phantoms
  A sky beast (D:7)
  An ice beast (D:9)
  A necrophage (D:9)
  8 ogres
  3 centaurs
  4 big kobolds (D:9)
  4 giant frogs
  A gnoll sergeant (D:9)
  A scorpion (D:9)
  17 killer bees
  4 wights
  2 howler monkeys
  An electric eel (D:9)
  5 jellies
  3 quasits
  A giant frog zombie (D:9)
  9 orc wizards
  7 orc priests
  A gnoll shaman (D:6)
  An iron imp (D:7)
  A centaur skeleton (D:6)
  A giant frog skeleton (D:5)
  2 iguanas
  6 worker ants
  10 gnolls
  10 adders
  2 shadow imps
  An ooze (D:2)
  2 adder skeletons
  2 worms
  A dart slug (D:3)
  2 giant geckos
  30 orcs
  4 bats
  7 giant cockroaches
  11 hobgoblins
  19 jackals
  7 quokkas
  A ball python skeleton (D:5)
  2 giant gecko skeletons (D:4)
  4 giant newts
  3 goblins
  7 kobolds
  A quokka zombie (D:9)
  7 rats
226 creatures vanquished.

Vanquished Creatures (collateral kills)
  A sky beast (D:9)
  An orc warrior (D:9)
  An ogre (D:9)
  A black bear (D:8)
  3 gnoll sergeants (D:9)
  5 wights
  2 electric eels (D:9)
  A howler monkey (D:9)
  2 crimson imps (D:9)
  A giant frog zombie (D:8)
  4 jellies (D:9)
  An orc wizard (D:9)
  A worker ant (D:5)
  5 oozes (D:9)
  A worm (D:2)
  3 orcs (D:9)
  2 jackals
  A giant cockroach zombie (D:5)
  A giant newt (D:3)
37 creatures vanquished.

Vanquished Creatures (others)
  An orc wizard (D:5)
1 creature vanquished.

Grand Total: 264 creatures vanquished

Notes
Turn   | Place    | Note
--------------------------------------------------------------
     0 | D:1      | raph the Deep Dwarf Necromancer began the quest for the Orb.
     0 | D:1      | Reached XP level 1. HP: 15/15 MP: 3/3
    38 | D:1      | Learned a level 1 spell: Animate Skeleton
   426 | D:1      | Reached XP level 2. HP: 19/22 MP: 0/4
   471 | D:1      | Reached skill level 5 in Necromancy
  1301 | D:1      | Reached XP level 3. HP: 24/28 MP: 3/5
  1390 | D:2      | Found a basalt altar of Yredelemnul.
  1574 | D:2      | Learned a level 3 spell: Vampiric Draining
  1775 | D:2      | Reached skill level 6 in Necromancy
  1988 | D:2      | Found a stormy altar of Qazlal.
  2133 | D:2      | Reached XP level 4. HP: 26/36 MP: 1/6
  3227 | D:4      | Found an opulent altar of Gozag.
  3227 | D:4      | Found a blossoming altar of Fedhas.
  3311 | D:4      | Reached XP level 5. HP: 37/42 MP: 7/7
  3335 | D:4      | Reached skill level 7 in Necromancy
  3388 | D:4      | Noticed Wardy's ghost (amateur DsAK)
  3468 | D:4      | Found a staircase to the Ecumenical Temple.
  3582 | Temple   | Entered the Ecumenical Temple
  3622 | Temple   | Became a worshipper of Makhleb the Destroyer
  4550 | D:3      | Reached XP level 6. HP: 28/49 MP: 1/9
  4744 | D:5      | Entered Level 5 of the Dungeon
  4954 | D:5      | Got a translucent spear
  5212 | D:5      | Reached * piety under Makhleb
  5342 | D:5      | Reached XP level 7. HP: 8/55 MP: 1/12
  5446 | D:5      | Found a deep blue altar of Sif Muna.
  5492 | D:5      | Reached skill level 1 in Evocations
  5562 | D:5      | Reached skill level 8 in Necromancy
  5685 | D:5      | Learned a level 4 spell: Animate Dead
  5769 | D:5      | Found a runed door.
  5964 | D:5      | Found a runed door.
  6144 | D:5      | Learned a level 4 spell: Control Undead
  6376 | D:6      | Found a shattered altar of Ashenzari.
  6377 | D:6      | Found a white marble altar of Elyvilon.
  6377 | D:6      | Found a shimmering altar of Xom.
  6377 | D:6      | Found a sacrificial altar of Ru.
  6377 | D:6      | Found a bloodstained altar of Trog.
  6378 | D:6      | Found a radiant altar of Vehumet.
  6724 | D:6      | Reached skill level 5 in Dodging
  6908 | D:6      | Reached XP level 8. HP: 34/62 MP: 0/14
  7087 | D:6      | Reached ** piety under Makhleb
  7250 | D:6      | Identified the +5 spear of Animal Spirits {drain, Stlth+} (You found it on level 5 of the Dungeon)
  7548 | D:6      | Learned a level 1 spell: Flame Tongue
  8078 | D:7      | Reached skill level 1 in Conjurations
  8078 | D:7      | Reached skill level 1 in Fire Magic
  8084 | D:7      | Noticed simples's ghost (novice SpEn)
  8360 | D:8      | Reached *** piety under Makhleb
  8467 | D:8      | Reached skill level 9 in Necromancy
  8771 | D:7      | Gained mutation: You passively map the area around you. [Deep Dwarf growth]
  8771 | D:7      | Reached XP level 9. HP: 9/69 MP: 1/16
  9109 | D:7      | Reached skill level 1 in Fighting
  9109 | D:7      | Reached skill level 5 in Evocations
  9316 | D:7      | Found a snail-covered altar of Cheibriados.
  9649 | D:7      | Reached skill level 5 in Spellcasting
  9998 | D:7      | Killed simples's ghost
 10708 | D:8      | Got a transparent leather armour
 10719 | D:8      | Identified the +2 leather armour "Guholas" {Str+3} (You found it on level 8 of the Dungeon)
 10776 | D:8      | Reached **** piety under Makhleb
 10896 | D:8      | Found an oddly glowing altar of Pakellas.
 11399 | D:9      | Found a runed door.
 11575 | D:9      | Found a runed door.
 11730 | D:9      | Noticed Liquid's ghost (journeyman GrMo)
 11859 | D:9      | Reached XP level 10. HP: 47/81 MP: 3/17
 12304 | D:9      | Reached ***** piety under Makhleb
 12554 | D:9      | Reached skill level 1 in Invocations
 12651 | D:9      | Got a pitted brass ring
 12656 | D:9      | Reached skill level 10 in Necromancy
 12658 | D:9      | Identified the ring of the Wild Haggis {SustAt rElec rN+} (You found it on level 9 of the Dungeon)
 13256 | D:9      | Found a staircase to the Orcish Mines.
 13452 | D:9      | Slain by Liquid's ghost

Skill      XL: |  1  2  3  4  5  6  7  8  9 10 |
---------------+-------------------------------+-----
Necromancy     | 5 6 7 8 9 10 | 10.1
Spellcasting   | 2 3 4 5 6 |  6.0
Dodging        | 3 4 5 6 7 |  7.4
Evocations     | 2 4 6 |  6.6
Conjurations   | 1 3 4 |  4.0
Fire Magic     | 1 3 |  3.9
Fighting       | 2 3 |  3.6
Invocations    | 2 |  2.1
Stealth        | |  2.4

Action                   |  1- 3 |  4- 6 |  7- 9 | 10-12 || total
-------------------------+-------+-------+-------+-------++-------
Melee: Unarmed           |     2 |       |       |       ||     2
       Whip              |    12 |     2 |       |       ||    14
       Hand axe          |       |    61 |       |       ||    61
       Short sword       |       |     3 |   172 |       ||   175
       Spear             |       |       |   195 |    98 ||   293
Throw: Tomahawk          |       |       |    17 |       ||    17
 Cast: Pain              |    69 |    89 |   137 |    54 ||   349
       Animate Skeleton  |    15 |    13 |    14 |     3 ||    45
       Vampiric Draining |     1 |     7 |    63 |    18 ||    89
       Animate Dead      |       |       |    14 |     7 ||    21
       Control Undead    |       |       |    13 |     9 ||    22
       Flame Tongue      |       |       |    57 |     5 ||    62
 Abil: Device Recharging |       |       |     1 |       ||     1
Evoke: Wand              |       |       |     6 |     3 ||     9
  Use: Scroll            |     4 |     9 |     6 |     1 ||    20
       Potion            |       |       |     1 |     1 ||     2
 Stab: Sleeping          |       |     1 |     3 |       ||     4
  Eat: Chunk             |     5 |    11 |    17 |     5 ||    38
       Beef jerky        |       |     1 |     3 |     1 ||     5
       Royal jelly       |       |       |     1 |     1 ||     2
       Meat ration       |       |       |     1 |       ||     1
Armor: Robe              |     8 |     5 |       |       ||    13
       Leather armour    |       |    37 |   214 |    63 ||   314
Dodge: Dodged            |    18 |    96 |   386 |   198 ||   698
